NYP
STATEN ISLAND YANKEES @ MINNESOTA (NYP) TWINS
09/11/2048
 
TOP OF THE 1ST
Staten Island Yankees batting - Pitching for Minnesota (NYP) Twins : RHP Glen Dutton
Pitching: RHP Glen Dutton
Batting: RHB Norimoto Miyanishi 0-0: Swinging Strike
0-1: Called Strike
0-2: Foul Ball, location: 2F
0-2: Ball
1-2: Ground out 6-3 (Groundball, 6, EV 80.0 MPH)
Batting: LHB Dario Segura 0-0: SOLO HOME RUN (Line Drive, 7D, EV 103.8 MPH), Distance : 410 ft
Batting: RHB Pat Pemberton 0-0: Ball
1-0: Ball
2-0: Called Strike
2-1: Swinging Strike
2-2: Ball
3-2: Strikes out looking
Batting: SHB Tadaaki Kondo 0-0: Foul Ball, location: 2F
0-1: Ball
1-1: Ball
2-1: Foul Ball, location: 2F
2-2: Ground out 4-3 (Groundball, 4S, EV 84.4 MPH)
Top of the 1st over - 1 run, 1 hit, 0 errors, 0 left on base; Staten Island 1 - Minnesota (NYP) 0
BOTTOM OF THE 1ST
Minnesota (NYP) Twins batting - Pitching for Staten Island Yankees : RHP Ben Cunningham
Pitching: RHP Ben Cunningham
Batting: RHB David McClellan 0-0: SINGLE (Groundball, 56D, EV 97.5 MPH)
Batting: RHB Sergio Gomez 0-0: Ball
David McClellan is caught stealing 2nd base 2-4
1-0: Ground out 5-3 (Groundball, 56S, EV 87.5 MPH)
Batting: LHB Tomas Espino 0-0: Foul Ball, location: 2F
0-1: Ball
1-1: Foul Ball, location: 2F
1-2: Foul Ball, location: 2F
1-2: Foul Ball, location: 2F
1-2: Ground out 5-3 (Groundball, 56, EV 91.9 MPH)
Bottom of the 1st over - 0 runs, 1 hit, 0 errors, 0 left on base; Staten Island 1 - Minnesota (NYP) 0
TOP OF THE 2ND
Staten Island Yankees batting - Pitching for Minnesota (NYP) Twins : RHP Glen Dutton
Batting: LHB Mike Schermerhorn 0-0: Ball
1-0: Foul Ball, location: 2F
1-1: Swinging Strike
1-2: Strikes out looking
Batting: SHB Adam Slade 0-0: Foul Ball, location: 2F
0-1: Foul Ball, location: 2F
0-2: Ball
1-2: Ground out 5-3 (Groundball, 5S, EV 63.1 MPH)
Batting: RHB Edite Leoni 0-0: Called Strike
0-1: Ball
1-1: Ball
2-1: Ball
3-1: Ground out 5-3 (Groundball, 56S, EV 74.4 MPH)
Top of the 2nd over - 0 runs, 0 hits, 0 errors, 0 left on base; Staten Island 1 - Minnesota (NYP) 0
BOTTOM OF THE 2ND
Minnesota (NYP) Twins batting - Pitching for Staten Island Yankees : RHP Ben Cunningham
Batting: RHB Steve Terrell 0-0: Fly out, F1 (Line Drive, P, EV 69.4 MPH)
Batting: LHB Ryuuichi Shintani 0-0: Called Strike
0-1: Ground out U3 (Groundball, 34, EV 105.6 MPH)
Batting: RHB Alexandre Garcia 0-0: Ball
1-0: Called Strike
1-1: DOUBLE (Line Drive, 9LS, EV 109.4 MPH)
Batting: LHB Jose Hilario 0-0: Called Strike
0-1: Foul Ball, location: 2F
0-2: Ball
1-2: SINGLE (Groundball, 6M, EV 87.5 MPH) (infield hit)
Alexandre Garcia to third
Batting: RHB Ton van Dijk 0-0: Called Strike
0-1: Fielders Choice at 2nd, U4 (Groundball, 4M, EV 80.0 MPH)
Bottom of the 2nd over - 0 runs, 2 hits, 0 errors, 2 left on base; Staten Island 1 - Minnesota (NYP) 0
TOP OF THE 3RD
Staten Island Yankees batting - Pitching for Minnesota (NYP) Twins : RHP Glen Dutton
Batting: LHB Danny de Leon 0-0: Fly out, F7 (Flyball, 78S, EV 78.8 MPH)
Batting: RHB Danny Ayala 0-0: Ball
1-0: Ball
2-0: Called Strike
2-1: Fly out, F4 (Popup, 4MD, EV 52.5 MPH)
Batting: RHB Norimoto Miyanishi 0-0: Foul Ball, location: 2F
0-1: Called Strike
0-2: Ball
1-2: Ball
2-2: Ball
3-2: Base on Balls
Batting: LHB Dario Segura 0-0: Ball
Norimoto Miyanishi is caught stealing 2nd base 2-6
Top of the 3rd over - 0 runs, 0 hits, 0 errors, 0 left on base; Staten Island 1 - Minnesota (NYP) 0
BOTTOM OF THE 3RD
Minnesota (NYP) Twins batting - Pitching for Staten Island Yankees : RHP Ben Cunningham
Batting: SHB Juan Aguilar 0-0: Ball
1-0: Swinging Strike
1-1: Ground out 4-3 (Groundball, 4, EV 80.6 MPH)
Batting: RHB David McClellan 0-0: Ball
1-0: Swinging Strike
1-1: Called Strike
1-2: Ball
2-2: Ball
3-2: Foul Ball, location: 2F
3-2: Foul Ball, location: 2F
3-2: Ground out 4-3 (Groundball, 4, EV 80.6 MPH)
Batting: RHB Sergio Gomez 0-0: Called Strike
0-1: Called Strike
0-2: Strikes out looking
Bottom of the 3rd over - 0 runs, 0 hits, 0 errors, 0 left on base; Staten Island 1 - Minnesota (NYP) 0
TOP OF THE 4TH
Staten Island Yankees batting - Pitching for Minnesota (NYP) Twins : RHP Glen Dutton
Batting: LHB Dario Segura 0-0: Called Strike
0-1: Ball
1-1: Ball
2-1: Swinging Strike
2-2: Ball
3-2: Strikes out looking
Batting: RHB Pat Pemberton 0-0: Ball
1-0: Ball
2-0: Called Strike
2-1: Ground out 6-3 (Groundball, 6, EV 95.0 MPH)
Batting: SHB Tadaaki Kondo 0-0: Swinging Strike
0-1: Swinging Strike
0-2: Strikes out swinging
Top of the 4th over - 0 runs, 0 hits, 0 errors, 0 left on base; Staten Island 1 - Minnesota (NYP) 0
BOTTOM OF THE 4TH
Minnesota (NYP) Twins batting - Pitching for Staten Island Yankees : RHP Ben Cunningham
Batting: LHB Tomas Espino 0-0: Foul Ball, location: 2F
0-1: Ball
1-1: Swinging Strike
1-2: SINGLE (Groundball, 3D, EV 105.0 MPH)
Batting: RHB Steve Terrell 0-0: Fly out, F7 (Flyball, 7D, EV 107.5 MPH)
Batting: LHB Ryuuichi Shintani 0-0: Called Strike
0-1: Ball
1-1: SINGLE (Groundball, 4M, EV 85.0 MPH) (infield hit)
Tomas Espino to second
Batting: RHB Alexandre Garcia 0-0: Called Strike
0-1: SINGLE (Line Drive, 7S, EV 101.2 MPH)
Tomas Espino to third
Ryuuichi Shintani to second
Batting: LHB Jose Hilario 0-0: Fly out, F8 (Flyball, 8LM, EV 76.9 MPH)
Batting: RHB Ton van Dijk 0-0: Foul Ball, location: 2F
0-1: Ball
1-1: Foul Ball, location: 2F
1-2: Foul Ball, location: 2F
1-2: Ball
2-2: Strikes out looking
Bottom of the 4th over - 0 runs, 3 hits, 0 errors, 3 left on base; Staten Island 1 - Minnesota (NYP) 0
TOP OF THE 5TH
Staten Island Yankees batting - Pitching for Minnesota (NYP) Twins : RHP Glen Dutton
Batting: LHB Mike Schermerhorn 0-0: Foul Ball, location: 2F
0-1: Foul Ball, location: 2F
0-2: Foul Ball, location: 2F
0-2: SINGLE (Groundball, 56, EV 101.9 MPH)
Batting: SHB Adam Slade 0-0: Called Strike
0-1: Hit by Pitch
Mike Schermerhorn to second
Batting: RHB Edite Leoni 0-0: Swinging Strike
0-1: Ball
1-1: Called Strike
1-2: Ball
2-2: Strikes out swinging
Batting: LHB Danny de Leon 0-0: Ball
1-0: Ball
2-0: Swinging Strike
2-1: Foul Ball, location: 2F
2-2: Ball
3-2: Strikes out swinging
Batting: RHB Danny Ayala 0-0: Fly out, F7 (Flyball, 7, EV 94.4 MPH)
Top of the 5th over - 0 runs, 1 hit, 0 errors, 2 left on base; Staten Island 1 - Minnesota (NYP) 0
BOTTOM OF THE 5TH
Minnesota (NYP) Twins batting - Pitching for Staten Island Yankees : RHP Ben Cunningham
Batting: SHB Juan Aguilar 0-0: Called Strike
0-1: Called Strike
0-2: Ball
1-2: Ball
2-2: Fly out, F8 (Flyball, 89D, EV 101.9 MPH)
Batting: RHB David McClellan 0-0: Called Strike
0-1: Ball
1-1: Ball
2-1: Ground out 6-3 (Groundball, 6, EV 90.6 MPH)
Batting: RHB Sergio Gomez 0-0: Ball
1-0: Ball
2-0: Called Strike
2-1: Ball
3-1: Called Strike
3-2: Foul Ball, location: 2F
3-2: Foul Ball, location: 2F
3-2: Ground out 5-3 (Groundball, 5S, EV 89.4 MPH)
Bottom of the 5th over - 0 runs, 0 hits, 0 errors, 0 left on base; Staten Island 1 - Minnesota (NYP) 0
TOP OF THE 6TH
Staten Island Yankees batting - Pitching for Minnesota (NYP) Twins : RHP Glen Dutton
Batting: RHB Norimoto Miyanishi 0-0: Ball
1-0: Swinging Strike
1-1: Swinging Strike
1-2: Ball
2-2: Ball
3-2: Foul Ball, location: 2F
3-2: Strikes out swinging
Pitching: RHP Chad Brock
Batting: LHB Dario Segura 0-0: Called Strike
0-1: Ball
1-1: Called Strike
1-2: Ball
2-2: DOUBLE (Line Drive, 8RXD, EV 106.9 MPH)
Batting: RHB Pat Pemberton 0-0: Foul Ball, location: 2F
0-1: Called Strike
0-2: Foul Ball, location: 2F
0-2: Strikes out swinging
Batting: SHB Tadaaki Kondo 0-0: Swinging Strike
0-1: Foul Ball, location: 2F
0-2: Strikes out swinging
Top of the 6th over - 0 runs, 1 hit, 0 errors, 1 left on base; Staten Island 1 - Minnesota (NYP) 0
BOTTOM OF THE 6TH
Minnesota (NYP) Twins batting - Pitching for Staten Island Yankees : RHP Ben Cunningham
Batting: LHB Tomas Espino 0-0: Ball
1-0: Foul Ball, location: 2F
1-1: Ball
2-1: Called Strike
2-2: Ball
3-2: Base on Balls
Pitching: RHP Jake Bryant
Batting: RHB Steve Terrell 0-0: Ball
1-0: Foul Ball, location: 2F
1-1: Ball
2-1: Foul Ball, location: 2F
2-2: Strikes out swinging
Batting: LHB Ryuuichi Shintani 0-0: Ball
1-0: Called Strike
1-1: Foul Ball, location: 2F
1-2: Strikes out looking
Batting: RHB Alexandre Garcia 0-0: Ball
1-0: Swinging Strike
1-1: Called Strike
1-2: Strikes out looking
Bottom of the 6th over - 0 runs, 0 hits, 0 errors, 1 left on base; Staten Island 1 - Minnesota (NYP) 0
TOP OF THE 7TH
Staten Island Yankees batting - Pitching for Minnesota (NYP) Twins : RHP Chad Brock
Batting: LHB Mike Schermerhorn 0-0: Ball
1-0: Ball
2-0: Called Strike
2-1: Called Strike
2-2: Foul Ball, location: 2F
2-2: DOUBLE (Line Drive, 9LM, EV 113.8 MPH)
Pitching: RHP Cody Bryant
Batting: SHB Adam Slade 0-0: Called Strike
0-1: Fly out, F7 (Flyball, 7S, EV 74.4 MPH)
Batting: RHB Edite Leoni 0-0: Called Strike
0-1: Ball
1-1: Fly out, F9 (Flyball, 89S, EV 86.2 MPH)
Batting: LHB Danny de Leon 0-0: Ball
1-0: Ball
2-0: Ball
3-0: Base on Balls
Batting: RHB Danny Ayala 0-0: Foul Ball, location: 2F
0-1: Ball
1-1: Ball
2-1: Foul Ball, location: 2F
2-2: DOUBLE (Line Drive, 9LM, EV 96.9 MPH)
Mike Schermerhorn scores
Danny de Leon to third
Runner from 3rd tries for Home, SAFE, no throw by RF
Batting: RHB Norimoto Miyanishi 0-0: Ball
1-0: Foul Ball, location: 2F
1-1: Foul Ball, location: 2F
1-2: Ball
2-2: Ground out 4-3 (Groundball, 4, EV 86.2 MPH)
Top of the 7th over - 2 runs, 2 hits, 0 errors, 1 left on base; Staten Island 3 - Minnesota (NYP) 0
BOTTOM OF THE 7TH
Minnesota (NYP) Twins batting - Pitching for Staten Island Yankees : RHP Jake Bryant
Batting: LHB Jose Hilario 0-0: Swinging Strike
0-1: Foul Ball, location: 2F
0-2: Ball
1-2: Ball
2-2: Foul Ball, location: 2F
2-2: Ball
3-2: Foul Ball, location: 2F
3-2: Fly out, F9 (Flyball, 9, EV 85.0 MPH)
Batting: RHB Ton van Dijk 0-0: Ball
1-0: Foul Ball, location: 2F
1-1: Ball
2-1: Swinging Strike
2-2: Strikes out swinging
Batting: SHB Juan Aguilar 0-0: Called Strike
0-1: Ball
1-1: Ball
2-1: Swinging Strike
2-2: Ball
3-2: Strikes out looking
Bottom of the 7th over - 0 runs, 0 hits, 0 errors, 0 left on base; Staten Island 3 - Minnesota (NYP) 0
TOP OF THE 8TH
Staten Island Yankees batting - Pitching for Minnesota (NYP) Twins : RHP Cody Bryant
Batting: LHB Dario Segura 0-0: Called Strike
0-1: Ball
1-1: Ball
2-1: Fly out, F8 (Line Drive, 8RM, EV 88.8 MPH)
Batting: RHB Pat Pemberton 0-0: Called Strike
0-1: Swinging Strike
0-2: Ball
1-2: Ball
2-2: Foul Ball, location: 2F
2-2: Reached on error, E4 (Groundball, 4, EV 97.5 MPH)
Batting: SHB Tadaaki Kondo 0-0: Foul Ball, location: 2F
0-1: Ball
1-1: Foul Ball, location: 2F
1-2: Grounds into double play, 4-6-3 (Groundball, 4, EV 98.8 MPH)
Top of the 8th over - 0 runs, 0 hits, 1 error, 0 left on base; Staten Island 3 - Minnesota (NYP) 0
BOTTOM OF THE 8TH
Minnesota (NYP) Twins batting - Pitching for Staten Island Yankees : RHP Jake Bryant
Batting: RHB David McClellan 0-0: Called Strike
0-1: Ball
1-1: Foul Ball, location: 2F
1-2: Ball
2-2: Ball
3-2: Strikes out swinging
Batting: RHB Sergio Gomez 0-0: Ball
1-0: Foul Ball, location: 2F
1-1: Ball
2-1: Foul Ball, location: 2F
2-2: Ground out 6-3 (Groundball, 56, EV 88.1 MPH)
Batting: LHB Tomas Espino 0-0: Foul Ball, location: 2F
0-1: Ball
1-1: Swinging Strike
1-2: Strikes out looking
Bottom of the 8th over - 0 runs, 0 hits, 0 errors, 0 left on base; Staten Island 3 - Minnesota (NYP) 0
TOP OF THE 9TH
Staten Island Yankees batting - Pitching for Minnesota (NYP) Twins : RHP Cody Bryant
Batting: LHB Mike Schermerhorn 0-0: Ball
1-0: Called Strike
1-1: Ball
2-1: Ground out 5-3 (Groundball, 5, EV 106.2 MPH)
Batting: SHB Adam Slade 0-0: Foul Ball, location: 2F
0-1: Ball
1-1: Ground out 4-3 (Groundball, 4, EV 85.0 MPH)
Batting: RHB Edite Leoni 0-0: Called Strike
0-1: Ground out 6-3 (Groundball, 6M, EV 98.8 MPH)
Top of the 9th over - 0 runs, 0 hits, 0 errors, 0 left on base; Staten Island 3 - Minnesota (NYP) 0
BOTTOM OF THE 9TH
Minnesota (NYP) Twins batting - Pitching for Staten Island Yankees : RHP Jake Bryant
Pitching: LHP Loo Lei
Batting: RHB Steve Terrell 0-0: Swinging Strike
0-1: Ball
1-1: Foul Ball, location: 2F
1-2: Strikes out swinging
Batting: LHB Ryuuichi Shintani 0-0: Called Strike
0-1: Ball
1-1: Ball
2-1: Foul Ball, location: 2F
2-2: Ball
3-2: Base on Balls
Batting: RHB Alexandre Garcia 0-0: Called Strike
0-1: Ball
1-1: Fielders Choice at 2nd, 4-6 (Groundball, 4, EV 88.8 MPH)
Pinch Hitting: RHB Caleb Bockmann 0-0: Fly out, F3 (Popup, 3F, EV 71.9 MPH)
Bottom of the 9th over - 0 runs, 0 hits, 0 errors, 1 left on base; Staten Island 3 - Minnesota (NYP) 0
Tuesday, March 28th , 2023 - OOTP Baseball 23.10 Build 110